 Dungeon Crawl Stone Soup version 0.13-a0-1590-g33f0eee (webtiles) character file.

268 Impy the Ruffian (level 5, -1/44 HPs)
             Began as a Gargoyle Monk on June 13, 2013.
             Slain by an orc
             ... wielding a +0,+0 orcish hammer
              (9 damage)
             ... on Level 4 of the Dungeon.
             The game lasted 00:13:19 (4646 turns).

Impy the Ruffian (Gargoyle Monk)                    Turns: 4646, Time: 00:13:19

HP  -1/44        AC  2     Str 14      XL: 5   Next: 85%
MP   4/4         EV 13     Int 11      God:
Gold 61          SH  0     Dex 12      Spells:  0 memorised,  4 levels left

Res.Fire  : . . .   See Invis. : .     - Unarmed
Res.Cold  : + + .   Warding    : .   a - +0 robe
Life Prot.: + . .   Conserve   : .   (no shield)
Res.Poison: .       Res.Corr.  : .   (no helmet)
Res.Elec. : .       Clarity    : .   (no cloak)
Sust.Abil.: . .     Spirit.Shd : .   (no gloves)
Res.Mut.  : .       Stasis     : .   (no boots)
Res.Rott. : .       Flight     : .   (no amulet)
Saprovore : . . .                    (no ring)
                                     h - ring of protection from cold

@: slightly resistant to hostile enchantments, fairly stealthy
A: fangs 1, talons 2, cold resistance 1, life protection 1, slow metabolism 1,
petrification resistance, trample resistance
a: no special abilities


You were on level 4 of the Dungeon.
You were not hungry.

You visited 1 branch of the dungeon, and saw 4 of its levels.

You collected 61 gold pieces.

Inventory:

Hand weapons
 n - a +2,+3 orcish whip of distortion
Armour
 a - a +0 robe (worn)
Magical devices
 d - a wand of digging (9)
Comestibles
 b - a bread ration
 j - a sausage
Scrolls
 f - 2 scrolls of remove curse {unknown}
 g - a scroll of fog
 i - a scroll of random uselessness
 k - 3 scrolls of identify
Jewellery
 e - a cursed ring of teleportation
 h - a ring of protection from cold (left hand)
 l - a cursed -2 ring of evasion {unknown}
Potions
 c - 2 potions of restore abilities
 m - a potion of curing


   Skills:
 - Level 3.2 Fighting
 + Level 4.3 Dodging
 - Level 2.1 Stealth
 + Level 6.2 Unarmed Combat


You had 4 spell levels left.
You didn't know any spells.

Dungeon Overview and Level Annotations

Branches:
Dungeon (4/27)
 Temple: D:4-7

Altars:
Xom
Zin


Innate Abilities, Weirdness & Mutations

You have very sharp teeth.
You have razor-sharp toenails.
Your flesh is cold resistant.
You resist negative energy.
You have a slow metabolism.
You are immune to petrification.
You are resistant to trampling.


Message History

The orc shouts!
You hit the orc.
The orc is moderately wounded.
The orc barely misses you.
You barely miss the orc.
The orc is moderately wounded.
The orc closely misses you.
You hit the orc. Your kick misses the orc.
The orc is severely wounded.
The orc closely misses you. The orc barely misses you.
The orc hits you with an orcish dagger.
* * * LOW HITPOINT WARNING * * *
You barely miss the orc. You claw the orc.
You kill the orc!
The orc closely misses you. The orc hits you with an orcish club.
* * * LOW HITPOINT WARNING * * *
You hit the orc.
The orc is moderately wounded.
The orc hits you with an orcish hammer!
You die...

# #..
#....
#.....
#......
##o.......
#@).......
##o.......
#......
#.....
#.... #..
#


You could see 2 orcs.

Vanquished Creatures
  An orc priest (D:3)
  A gnoll (D:1)
  4 adders
  A giant mite (D:1)
  3 worms
  A giant gecko (D:3)
  An ooze (D:1)
  9 orcs
  12 bats
  3 giant cockroaches (D:1)
  12 goblins
  16 hobgoblins
  6 jackals (D:3)
  12 kobolds
  A quokka (D:2)
  4 giant newts
  10 rats
  A plant (D:2)
98 creatures vanquished.

Vanquished Creatures (others)
  An adder (D:2)
  A goblin (D:3)
2 creatures vanquished.

Grand Total: 100 creatures vanquished

Notes
Turn   | Place    | Note
--------------------------------------------------------------
     0 | D:1      | Impy, the Gargoyle Monk, began the quest for the Orb.
     0 | D:1      | Reached XP level 1. HP: 17/17 MP: 0/0
   345 | D:1      | Reached XP level 2. HP: 22/24 MP: 1/1
   672 | D:1      | Reached XP level 3. HP: 21/30 MP: 2/2
   684 | D:1      | Reached skill level 5 in Unarmed Combat
  1353 | D:1      | Reached XP level 4. HP: 30/37 MP: 3/3
  2430 | D:2      | Reached XP level 5. HP: 36/44 MP: 4/4
  2437 | D:2      | Found a shimmering altar of Xom.
  3601 | D:3      | Found a glowing silver altar of Zin.
  3632 | D:3      | Reached skill level 6 in Unarmed Combat
  4442 | D:3      | Noticed a phantom
  4646 | D:4      | Slain by an orc

Action                   |  1- 3 |  4- 6 || total
-------------------------+-------+-------++-------
Melee: Unarmed           |   107 |   206 ||   313
Evoke: Wand              |       |     1 ||     1
  Use: Scroll            |     3 |    10 ||    13
       Potion            |       |    10 ||    10
 Stab: Sleeping          |     1 |     3 ||     4
